 Dungeon Crawl Stone Soup version 0.25.0-11-g1f837a7 (webtiles) character file.

Game seed: 2018531982398496776

2009 Inchmeat the Cleaver (level 9, -14/70 HPs)
             Began as a Hill Orc Fighter on June 27, 2020.
             Was a Follower of Zin.
             Demolished by an ogre
             ... wielding a +0 giant spiked club
              (31 damage)
             ... on level 7 of the Dungeon.
             The game lasted 00:12:07 (10689 turns).

Inchmeat the Cleaver (Hill Orc Fighter)            Turns: 10689, Time: 00:12:08

Health: -14/70     AC: 13    Str: 22    XL:     9   Next: 22%
Magic:  15/15      EV:  6    Int:  8    God:    Zin [*.....]
Gold:   182        SH:  0    Dex: 10    Spells: 8/8 levels left

rFire    . . .     SeeInvis +   d - +1 battleaxe
rCold    . . .     Gourm    .   (shield currently unavailable)
rNeg     . . .     Faith    +   z - +0 plate armour
rPois    .         Spirit   .   j - +0 helmet
rElec    .         Reflect  .   i - +0 cloak
rCorr    .         Harm     .   (no gloves)
MR       .....                  (no boots)
Stlth    ..........             k - amulet of faith
HPRegen  0.21/turn              t - ring of see invisible
MPRegen  0.14/turn              g - ring of stealth

@: no status effects
A: no striking features
a: Recite, Donate Gold, Renounce Religion


You were on level 7 of the Dungeon.
You worshipped Zin.
Zin was aware of your devotion.
You were not hungry.

You visited 1 branch of the dungeon, and saw 7 of its levels.

You collected 202 gold pieces.
You donated 20 gold pieces to Zin.

Inventory:

Hand Weapons
 a - a +0 war axe
 d - a +1 battleaxe (weapon)
Missiles
 s - 8 silver javelins (quivered)
 v - 14 bolts
 B - 3 boomerangs
Armour
 i - a +0 cloak (worn)
 j - a +0 helmet (worn)
 z - a +0 plate armour (worn)
Jewellery
 g - a ring of stealth (right hand)
 k - an amulet of faith (around neck)
 t - a ring of see invisible (left hand)
 w - an uncursed amulet of guardian spirit
 G - an uncursed ring of ice
Wands
 I - a wand of iceblast (14)
Scrolls
 e - 2 scrolls of amnesia
 l - a scroll of teleportation
 m - a scroll of acquirement {unknown}
 n - 5 scrolls of remove curse {@r2}
Potions
 b - a potion of haste {unknown}
 c - a potion of lignification
 h - 3 potions of stabbing
 p - 3 potions of heal wounds {unknown}
 q - a potion of magic {unknown}
 u - 2 potions of resistance {unknown}
 x - 2 potions of flight
 C - 2 potions of cancellation {unknown}
 E - a potion of ambrosia {unknown}
 F - 2 potions of invisibility
 J - a potion of might
 K - 2 potions of mutation {unknown}
Comestibles
 f - 5 rations


   Skills:
 - Level 3.6 Fighting
 + Level 12.8 Axes
 - Level 3.2 Armour
   Level 3.2 Shields
 + Level 8.0 Invocations


You had 8 spell levels left.
You didn't know any spells.
Your spell library contained the following spells:

 Spells                   Type           Power        Failure   Level  Hunger
 Summon Small Mammal      Summ           #...         100%        1    ##.....
 Call Imp                 Summ           #.......     100%        2    ###....
 Call Canine Familiar     Summ           #.......     100%        3    ####...
 Summon Guardian Golem    Hex/Summ       #.......     100%        3    ####...
 Summon Ice Beast         Ice/Summ       #.......     100%        4    #####..
 Summon Lightning Spire   Summ/Air       #.......     100%        4    #####..


Dungeon Overview and Level Annotations

Branches:
Dungeon (7/15)             Temple (0/1) D:7

Altars:
Hepliaklqana
Nemelex Xobeh
Okawaru
Uskayaw
Yredelemnul
Zin

Annotations:
D:4 1 runed translucent door


Message History

Ye barely miss tha ogre.
Tha orc wizard shouts!
Tha ogre hits ye wit' a +0 giant spiked club!!
* * * LOW HITPOINT WARNIN'
* * * Ye closely miss tha ogre.
Tha orc wizard shouts!
Tha ogre barely misses ye.
Ye slice tha ogre!!
Tha ogre be almost dead.
Tha orc wizard shouts!
Unknown command.
Ye barely miss tha ogre.
Tha ogre be almost dead.
Tha orc wizard shouts!
Tha ogre hits ye but does nay damage.
Ye barely miss tha ogre.
Tha ogre be almost dead.
Tha orc wizard shouts!
Tha ogre hits ye wit' a +0 giant spiked club!!
Ye die...

###..####.....# ##..##.
##....##...#...####..##
.
#........#####..##..##
# ...###...## #.....##
##...# ##...## #...##
##### ###..#######
##....#.....##
#.......@O...#
#.(.#..8..#..#
#..##.....# .#
#..##.o#o#..#
#.##..##.##..# #....#
... #... ...8. .>..
.8.. ...... #...# ....
#...


You could see an ogre (dazed), an orc wizard (wandering, blind) and an orc
(blind).

Vanquished Creatures
  A hungry ghost (D:6)
  A water moccasin (D:7)
  An orc warrior (D:6)
  A phantom (D:6)
  A black bear (D:7)
  An ice beast (D:6)
  An ogre (D:5)
  A centaur (D:5)
  5 bullfrogs
  A scorpion (D:6)
  A crimson imp (D:5)
  A centaur zombie (D:5)
  4 hounds
  An orc priest (D:4)
  4 orc wizards
  A human skeleton (D:4)
  2 iguanas
  7 worker ants
  A killer bee zombie (D:5)
  A hound skeleton (D:5)
  2 worker ant zombies
  3 gnolls (D:5)
  4 adders
  3 shadow imps
  An adder zombie (D:6)
  2 adder skeletons
  3 worms
  3 dart slugs
  3 leopard geckos
  37 orcs
  6 bats
  4 giant cockroaches
  11 hobgoblins
  6 jackals
  5 kobolds
  4 quokkas
  2 frilled lizards (D:2)
  9 goblins
  A jackal zombie (D:4)
  13 rats
159 creatures vanquished.

Notes
Turn   | Place    | Note
-------+----------+-------------------------------------------
     0 | D:1      | Inchmeat the Hill Orc Fighter began the quest for the Orb.
     0 | D:1      | Reached XP level 1. HP: 19/19 MP: 1/1
   143 | D:1      | Reached skill level 3 in Axes
   475 | D:1      | Reached XP level 2. HP: 26/26 MP: 2/2
   815 | D:1      | Reached skill level 4 in Axes
  1180 | D:1      | Reached XP level 3. HP: 31/31 MP: 3/3
  1606 | D:2      | Reached skill level 5 in Axes
  2297 | D:2      | Found a faded altar of an unknown god.
  2484 | D:3      | Reached XP level 4. HP: 31/39 MP: 4/4
  2692 | D:3      | Reached skill level 6 in Axes
  3244 | D:3      | Reached XP level 5. HP: 45/45 MP: 5/5
  3265 | D:3      | Found a hazy altar of Hepliaklqana.
  3563 | D:3      | Found a sparkling altar of Nemelex Xobeh.
  3608 | D:4      | Reached skill level 7 in Axes
  3947 | D:3      | Reached skill level 8 in Axes
  3947 | D:3      | Reached XP level 6. HP: 32/51 MP: 6/6
  5016 | D:4      | Noticed a human
  5288 | D:4      | Reached skill level 9 in Axes
  5351 | D:4      | Found a runed translucent door.
  5356 | D:4      | Found a basalt altar of Yredelemnul.
  5639 | D:5      | Entered Level 5 of the Dungeon
  5886 | D:5      | Reached XP level 7. HP: 48/57 MP: 7/7
  6299 | D:5      | Reached skill level 10 in Axes
  6621 | D:5      | Found a glowing silver altar of Zin.
  6687 | D:5      | Became a worshipper of Zin the Law-Giver
  6687 | D:5      | Reached * piety under Zin
  6723 | D:5      | Reached skill level 1 in Invocations
  7179 | D:5      | Zin protects you from harm!
  8084 | D:6      | Reached skill level 11 in Axes
  8084 | D:6      | Reached XP level 8. HP: 64/64 MP: 10/10
  8783 | D:6      | Reached skill level 5 in Invocations
  8967 | D:6      | Reached skill level 12 in Axes
  9819 | D:6      | Found an iron altar of Okawaru.
  9830 | D:6      | Reached XP level 9. HP: 70/70 MP: 14/14
  9987 | D:6      | Found a hide-covered altar of Uskayaw.
 10677 | D:7      | Found a staircase to the Ecumenical Temple.
 10689 | D:7      | Demolished by an ogre

Illustrated notes

Levels and vault maps discovered:
D:1:      dpeg_arrival_circle_labyrinth_c, layout_loops_ring, minivault_19
D:2:      layout_basic, chequers_ecumenical_altar_grove
D:3:      layout_loops_ring, nicolae_overflow_hidden_temple, first_ration,
          nemelex_diamond_rough_becter
D:4:      layout_cave_pools, dk_yredelemnul_ordeal
D:5:      layout_gridville, kennysheep_mini
D:6:      layout_layer_cave, lemuel_coloured_pillars_altar,
          okawaru_altar_gauntlet_db
D:7:      layout_layer_cave, minmay_temple_entry_waves, serial_shops, shop,
          nicolae_ashenzari_panopticon

Skill      XL: |  1  2  3  4  5  6  7  8  9 |
---------------+----------------------------+-----
Axes           | 3 4 5 6 8 9 11 12 | 12.8
Invocations    | 3 7 8 |  8.0
Fighting       | |  3.6
Armour         | |  3.2
Shields        | |  3.2

Action                   |  1- 3 |  4- 6 |  7- 9 || total
-------------------------+-------+-------+-------++-------
Melee: War axe           |   139 |   209 |   130 ||   478
       Battleaxe         |       |       |   120 ||   120
Throw: Javelin           |       |       |     2 ||     2
       Throwing net      |       |       |     1 ||     1
Invok: Recite            |       |       |     3 ||     3
  Use: Scroll            |       |     6 |     8 ||    14
       Potion            |       |       |     1 ||     1
 Stab: Held in net/web   |       |       |     1 ||     1
       Confused          |       |       |     1 ||     1
  Eat: Chunk             |     5 |     8 |     9 ||    22
       Ration            |       |     1 |     2 ||     3
Armor: Scale mail        |     6 |       |       ||     6
       Chain mail        |    84 |    85 |       ||   169
       Plate armour      |       |    40 |   163 ||   203
Dodge: Dodged            |    86 |    75 |    90 ||   251
